SL
OAKLAND OAKS @ GRAFTON MIDDIES
09/05/2024
 
TOP OF THE 1ST
Oakland Oaks batting - Pitching for Grafton Middies : RHP António Marés
Pitching: RHP António Marés
Batting: LHB Todd Williams 0-0: Called Strike
0-1: Bunt for hit - play at first, batter OUT! 5-3
Batting: LHB Todd Henry 0-0: Called Strike
0-1: Ball
1-1: Foul Ball, location: 2F
1-2: Ball
2-2: Ground out 4-3 (Groundball, 4M)
Batting: LHB Edwin Church 0-0: Called Strike
0-1: Ball
1-1: Ball
2-1: Ball
3-1: Base on Balls
Batting: RHB Gabriel Maldonado 0-0: Foul Ball, location: 2F
0-1: Ball
1-1: Fly out, F7 (Line Drive, 7D)
Top of the 1st over - 0 run(s), 0 hit(s), 0 error(s), 1 left on base; Oakland 0 - Grafton 0
BOTTOM OF THE 1ST
Grafton Middies batting - Pitching for Oakland Oaks : LHP José Reyna
Pitching: LHP José Reyna
Batting: RHB Pedro Santos 0-0: Called Strike
0-1: Fly out, F2 (Popup, 2RF)
Batting: SHB Jorge Colomo 0-0: Ball
1-0: Ball
2-0: Ball
3-0: Called Strike
3-1: Fly out, F5 (Popup, 5F)
Batting: LHB Mario Ramos 0-0: Fly out, F9 (Flyball, 89XD)
Bottom of the 1st over - 0 run(s), 0 hit(s), 0 error(s), 0 left on base; Oakland 0 - Grafton 0
TOP OF THE 2ND
Oakland Oaks batting - Pitching for Grafton Middies : RHP António Marés
Batting: LHB Mal Wadley 0-0: Ball
1-0: Fly out, F8 (Flyball, 8LXD)
Batting: LHB Jesús Quintanilla 0-0: Swinging Strike
0-1: Foul Ball, location: 2F
0-2: Ball
1-2: Ball
2-2: Foul Ball, location: 2F
2-2: Ball
3-2: Foul Ball, location: 2F
3-2: Base on Balls
Batting: SHB John Allen 0-0: Called Strike
0-1: Called Strike
0-2: Ball
1-2: Ball
2-2: Foul Ball, location: 2F
2-2: Ball
3-2: Strikes out swinging
Batting: LHB Ron Frazier 0-0: Ball
1-0: Ball
2-0: Ball
3-0: Called Strike
3-1: DOUBLE (Flyball, 78XD)
Jesús Quintanilla to third
Runner from 3rd tries for Home, throw and OUT!
Top of the 2nd over - 0 run(s), 1 hit(s), 0 error(s), 1 left on base; Oakland 0 - Grafton 0
BOTTOM OF THE 2ND
Grafton Middies batting - Pitching for Oakland Oaks : LHP José Reyna
Batting: RHB Stefano Gaddi 0-0: Ball
1-0: Ball
2-0: Called Strike
2-1: Foul Ball, location: 2F
2-2: Foul Ball, location: 2F
2-2: Strikes out swinging
Batting: RHB Ramón Gómez 0-0: Called Strike
0-1: Ball
1-1: Foul Ball, location: 2F
1-2: Strikes out looking
Batting: LHB Ramón Rivera 0-0: Called Strike
0-1: Ball
1-1: Ball
2-1: Foul Ball, location: 2F
2-2: Strikes out swinging
Bottom of the 2nd over - 0 run(s), 0 hit(s), 0 error(s), 0 left on base; Oakland 0 - Grafton 0
TOP OF THE 3RD
Oakland Oaks batting - Pitching for Grafton Middies : RHP António Marés
Batting: RHB Rafael Najcrea 0-0: Ball
1-0: Ball
2-0: Ball
3-0: Called Strike
3-1: Foul Ball, location: 2F
3-2: Base on Balls
Batting: LHB Todd Williams 0-0: Called Strike
0-1: Ball
1-1: Swinging Strike
1-2: Ball
2-2: Foul Ball, location: 2F
2-2: Strikes out looking
Batting: LHB Todd Henry 0-0: Called Strike
0-1: Ball
Rafael Najcrea steals 2nd base
1-1: Foul Ball, location: 2F
1-2: Ground out 5-3 (Groundball, 56)
Batting: LHB Edwin Church 0-0: Ball
1-0: Called Strike
1-1: Ground out 4-3 (Groundball, 4M)
Top of the 3rd over - 0 run(s), 0 hit(s), 0 error(s), 1 left on base; Oakland 0 - Grafton 0
BOTTOM OF THE 3RD
Grafton Middies batting - Pitching for Oakland Oaks : LHP José Reyna
Batting: RHB Dave Ash 0-0: Ball
1-0: Called Strike
1-1: Ball
2-1: Fly out, F8 (Flyball, 8RXD)
Batting: RHB Pedro Orozco 0-0: Called Strike
0-1: Swinging Strike
0-2: Ball
1-2: SINGLE (Line Drive, 7LS)
Batting: LHB Lawrence Washington 0-0: Called Strike
0-1: Grounds into double play, 5-4-3 (Groundball, 56)
Bottom of the 3rd over - 0 run(s), 1 hit(s), 0 error(s), 0 left on base; Oakland 0 - Grafton 0
TOP OF THE 4TH
Oakland Oaks batting - Pitching for Grafton Middies : RHP António Marés
Batting: RHB Gabriel Maldonado 0-0: Ball
1-0: Called Strike
1-1: SOLO HOME RUN (Flyball, 7LD), Distance : 362 ft
Batting: LHB Mal Wadley 0-0: Called Strike
0-1: Foul Ball, location: 2F
0-2: Ground out 1-3 (Groundball, 13S)
Batting: LHB Jesús Quintanilla 0-0: Called Strike
0-1: Called Strike
0-2: Ball
1-2: Strikes out looking
Batting: SHB John Allen 0-0: Ball
1-0: Ball
2-0: Ball
3-0: Called Strike
3-1: Base on Balls
Batting: LHB Ron Frazier 0-0: Called Strike
0-1: Called Strike
John Allen is caught stealing 2nd base
Top of the 4th over - 1 run(s), 1 hit(s), 0 error(s), 0 left on base; Oakland 1 - Grafton 0
BOTTOM OF THE 4TH
Grafton Middies batting - Pitching for Oakland Oaks : LHP José Reyna
Batting: RHB Pedro Santos 0-0: Called Strike
0-1: Called Strike
0-2: Ball
1-2: Ball
2-2: Ball
3-2: Base on Balls
Batting: SHB Jorge Colomo 0-0: Ball
1-0: Called Strike
1-1: Ball
Balk!
Pedro Santos to second
2-1: Foul Ball, location: 2F
2-2: Strikes out swinging
Batting: LHB Mario Ramos 0-0: Called Strike
0-1: Ball
1-1: Foul Ball, location: 2F
1-2: Ground out 3-1 (Groundball, 34)
Pedro Santos to third
Batting: RHB Stefano Gaddi 0-0: Fly out, F8 (Flyball, 8LXD)
Bottom of the 4th over - 0 run(s), 0 hit(s), 0 error(s), 1 left on base; Oakland 1 - Grafton 0
TOP OF THE 5TH
Oakland Oaks batting - Pitching for Grafton Middies : RHP António Marés
Batting: LHB Ron Frazier 0-0: Foul Ball, location: 2F
0-1: Bunted foul
0-2: Ball
1-2: Strikes out swinging
Batting: RHB Rafael Najcrea 0-0: Ball
1-0: Ball
2-0: Called Strike
2-1: Ball
3-1: Foul Ball, location: 2F
3-2: Base on Balls
Batting: LHB Todd Williams Balk!
Rafael Najcrea to second
0-0: Ground out 4-3 (Groundball, 4M)
Rafael Najcrea to third
Batting: LHB Todd Henry 0-0: Fly out, F7 (Flyball, 7M)
Top of the 5th over - 0 run(s), 0 hit(s), 0 error(s), 1 left on base; Oakland 1 - Grafton 0
BOTTOM OF THE 5TH
Grafton Middies batting - Pitching for Oakland Oaks : LHP José Reyna
Batting: RHB Ramón Gómez 0-0: Ball
1-0: Foul Ball, location: 2F
1-1: Ball
2-1: Ball
3-1: Called Strike
3-2: Ground out 4-3 (Groundball, 4)
Batting: LHB Ramón Rivera 0-0: Ball
1-0: Ball
2-0: Called Strike
2-1: Ball
3-1: Foul Ball, location: 2F
3-2: Fly out, F8 (Flyball, 8LD)
Batting: RHB Dave Ash 0-0: Fly out, F7 (Flyball, 7M)
Bottom of the 5th over - 0 run(s), 0 hit(s), 0 error(s), 0 left on base; Oakland 1 - Grafton 0
TOP OF THE 6TH
Oakland Oaks batting - Pitching for Grafton Middies : RHP António Marés
Batting: LHB Edwin Church 0-0: Called Strike
0-1: Fly out, F8 (Flyball, 8RD)
Batting: RHB Gabriel Maldonado 0-0: Fly out, F8 (Flyball, 8RM)
Batting: LHB Mal Wadley 0-0: Ball
1-0: Foul Ball, location: 2F
1-1: Ball
2-1: Called Strike
2-2: Foul Ball, location: 2F
2-2: Strikes out swinging
Top of the 6th over - 0 run(s), 0 hit(s), 0 error(s), 0 left on base; Oakland 1 - Grafton 0
BOTTOM OF THE 6TH
Grafton Middies batting - Pitching for Oakland Oaks : LHP José Reyna
Batting: RHB Pedro Orozco 0-0: SOLO HOME RUN (Flyball, 78XD), Distance : 430 ft
Batting: LHB Lawrence Washington 0-0: Ball
1-0: Called Strike
1-1: Called Strike
1-2: DOUBLE (Line Drive, 9LD)
Batting: RHB Pedro Santos 0-0: Foul Ball, location: 2F
0-1: Fly out, F7 (Flyball, 7M)
0-1: Lined into DP, 7-4 (Flyball, 7M)
Batting: SHB Jorge Colomo 0-0: Called Strike
0-1: Foul Ball, location: 2F
0-2: Ball
1-2: SINGLE (Groundball, 25) (infield hit)
Batting: LHB Mario Ramos 0-0: Foul Ball, location: 2F
0-1: Ball
1-1: Swinging Strike
1-2: Ball
2-2: Strikes out swinging
Bottom of the 6th over - 1 run(s), 3 hit(s), 0 error(s), 1 left on base; Oakland 1 - Grafton 1
TOP OF THE 7TH
Oakland Oaks batting - Pitching for Grafton Middies : RHP António Marés
Batting: LHB Jesús Quintanilla 0-0: Ball
1-0: Fly out, F3 (Line Drive, 3S)
Batting: SHB John Allen 0-0: Ball
1-0: Foul Ball, location: 2F
1-1: Fly out, F7 (Flyball, 7M)
Batting: LHB Ron Frazier 0-0: Ball
1-0: Ball
2-0: Ball
3-0: Swinging Strike
3-1: Foul Ball, location: 2F
3-2: Ground out 4-3 (Groundball, 4)
Top of the 7th over - 0 run(s), 0 hit(s), 0 error(s), 0 left on base; Oakland 1 - Grafton 1
BOTTOM OF THE 7TH
Grafton Middies batting - Pitching for Oakland Oaks : LHP José Reyna
Batting: RHB Stefano Gaddi 0-0: Fly out, F8 (Flyball, 8LM)
Batting: RHB Ramón Gómez 0-0: Ball
1-0: Ball
2-0: Ball
3-0: Called Strike
3-1: Foul Ball, location: 2F
3-2: Ground out 6-3 (Groundball, 6)
Pinch Hitting: SHB Jack MacAsgill 0-0: Called Strike
0-1: Ball
1-1: Fly out, F2 (Popup, 2L)
Bottom of the 7th over - 0 run(s), 0 hit(s), 0 error(s), 0 left on base; Oakland 1 - Grafton 1
TOP OF THE 8TH
Oakland Oaks batting - Pitching for Grafton Middies : RHP António Marés
Now in CF: Jack MacAsgill
Batting: RHB Rafael Najcrea 0-0: Ball
1-0: Foul Ball, location: 2F
1-1: Ball
2-1: Ball
3-1: Base on Balls
Batting: LHB Todd Williams 0-0: Ball
1-0: Ball
2-0: Ball
3-0: Base on Balls
Rafael Najcrea to second
Batting: LHB Todd Henry 0-0: SINGLE (Line Drive, 34)
Rafael Najcrea to third
Todd Williams to second
Runner from 3rd tries for Home, SAFE, throw made at trailing runner, SAFE at third!
Batting: LHB Edwin Church 0-0: Called Strike
0-1: Ball
1-1: Fly out, F9 (Popup, 89S)
Pitching: RHP Domingo Álvarez
Batting: RHB Gabriel Maldonado 0-0: Fly out, F8 (Flyball, 8RXD)
Runner from 3rd tags up, SCORES, no throw
Batting: LHB Mal Wadley 0-0: Ball
1-0: Called Strike
1-1: 2-RUN HOME RUN (Flyball, 9LD), Distance : 347 ft
Batting: LHB Jesús Quintanilla 0-0: Foul Ball, location: 2F
0-1: Foul Ball, location: 2F
0-2: Fly out, F7 (Flyball, 78D)
Top of the 8th over - 4 run(s), 2 hit(s), 0 error(s), 0 left on base; Oakland 5 - Grafton 1
BOTTOM OF THE 8TH
Grafton Middies batting - Pitching for Oakland Oaks : LHP José Reyna
Batting: RHB Dave Ash 0-0: Swinging Strike
0-1: Ball
1-1: Fly out, F4 (Popup, 3D)
Batting: RHB Pedro Orozco 0-0: Called Strike
0-1: Swinging Strike
0-2: Ball
1-2: Foul Ball, location: 2F
1-2: Ball
2-2: Ball
3-2: Foul Ball, location: 2F
3-2: Ground out 1-3 (Groundball, 15S)
Batting: LHB Lawrence Washington 0-0: Foul Ball, location: 2F
0-1: Called Strike
0-2: Strikes out swinging
Bottom of the 8th over - 0 run(s), 0 hit(s), 0 error(s), 0 left on base; Oakland 5 - Grafton 1
TOP OF THE 9TH
Oakland Oaks batting - Pitching for Grafton Middies : RHP Domingo Álvarez
Batting: SHB John Allen 0-0: Ball
1-0: Fly out, F8 (Flyball, 8RM)
Batting: LHB Ron Frazier 0-0: Ball
1-0: Called Strike
1-1: Ground out U3 (Groundball, 3)
Batting: RHB Rafael Najcrea 0-0: Called Strike
0-1: Ball
1-1: Ball
2-1: Swinging Strike
2-2: Strikes out swinging
Top of the 9th over - 0 run(s), 0 hit(s), 0 error(s), 0 left on base; Oakland 5 - Grafton 1
BOTTOM OF THE 9TH
Grafton Middies batting - Pitching for Oakland Oaks : LHP José Reyna
Pitching: RHP Júlio Saldańa
Batting: RHB Pedro Santos 0-0: Ball
1-0: Foul Ball, location: 2F
1-1: Ball
2-1: Foul Ball, location: 2F
2-2: Fly out, F9 (Popup, 9LS)
Batting: SHB Jorge Colomo 0-0: Swinging Strike
0-1: Ground out 4-3 (Groundball, 4)
Batting: LHB Mario Ramos 0-0: SINGLE (Line Drive, 4D)
Batting: RHB Stefano Gaddi 0-0: Ball
1-0: Swinging Strike
1-1: Fly out, F9 (Flyball, 9S)
Bottom of the 9th over - 0 run(s), 1 hit(s), 0 error(s), 1 left on base; Oakland 5 - Grafton 1
This league is powered by Out of the Park Baseball, the baseball management simulation game for PC, Mac and Linux
Monday, October 3rd, 2016 - OOTP Baseball 16.9 Build 39